 Dungeon Crawl Stone Soup version 0.22.1-2-g9c5b331383 (webtiles) character file.

329 Gargoyl the Skirmisher (level 6, -2/52 HPs)
             Began as a Centaur Abyssal Knight on Jan 6, 2019.
             Was a Believer of Lugonu.
             Killed by nerve-wracking pain
             ... invoked by Menkaure
              (9 damage)
             ... on level 4 of the Dungeon.
             The game lasted 00:06:03 (3576 turns).

Gargoyl the Skirmisher (Centaur Abyssal Knight)     Turns: 3576, Time: 00:06:03

Health: -2/52      AC: 12    Str: 15    XL:     6   Next: 25%
Magic:  0/8        EV:  2    Int: 11    God:    Lugonu [**....]
Gold:   153        SH:  0    Dex: 10    Spells: 5/5 levels left

rFire    . . .     SeeInvis .   j - +2 hand axe (venom)
rCold    . . .     Gourm    .   (no shield)
rNeg     . . .     Faith    .   f - +0 plate armour
rPois    .         Spirit   +   (no helmet)
rElec    .         Reflect  .   (no cloak)
rCorr    .         Harm     .   b - +2 pair of gloves
MR       .....                  (no barding)
Stlth    ..........             h - amulet of guardian spirit
HPRegen  0.17/turn              (no ring)
MPRegen  0.11/turn              (no ring)

@: very quick
A: large, hooves 3, deformed body, speed 2, tough skin 3
a: Depart the Abyss, Bend Space, Renounce Religion


You were on level 4 of the Dungeon.
You worshipped Lugonu.
Lugonu was pleased with you.
You were not hungry.

You visited 1 branch of the dungeon, and saw 4 of its levels.
You visited the Abyss 1 time.

You collected 153 gold pieces.

Inventory:

Hand Weapons
 a - a +2 hand axe
 j - a +2 hand axe of venom (weapon)
Missiles
 l - 8 javelins (quivered)
Armour
 b - a +2 pair of gloves (worn)
 f - a +0 plate armour (worn)
Jewellery
 h - an amulet of guardian spirit (around neck)
Scrolls
 d - a scroll of blinking
 e - a scroll of identify
 g - a scroll of teleportation
Potions
 i - 2 potions of curing {unknown}
Comestibles
 c - 4 rations


   Skills:
 + Level 3.9 Fighting
 + Level 3.2 Axes
 * Level 3.1 Armour
 * Level 1.7 Dodging
 * Level 3.1 Invocations


You had 5 spell levels left.
You didn't know any spells.
Your spell library was empty.

Dungeon Overview and Level Annotations

Branches:
Dungeon (4/15)
 Temple: D:4-7

Altars:
Xom

Annotations:
D:4 Menkaure, Pikel


Innate Abilities, Weirdness & Mutations

You have hooves in place of feet.
Armour fits poorly on your strangely shaped body.
You cover ground very quickly.
You have extremely tough skin. (AC +3)


Message History

Your plate armour prevents you from hitting Menkaure.
Menkaure is severely damaged.
You hit the slave but do no damage.
The slave looks as sick as possible!
You hit the slave.
The slave looks as sick as possible!
You kill the slave!
That felt strangely unrewarding.
The slave hits you.
* * * LOW HITPOINT WARNING * * *
Menkaure casts a spell.
Menkaure seems to speed up.
You kill the slave!
That felt strangely unrewarding.
Menkaure points at you and mumbles some strange words.
Pain shoots through your body!
* * * LOW HITPOINT WARNING * * *
Menkaure calls on the powers of darkness!
The slave convulses! x2; Pikel convulses!
Your body is wracked with pain!
* * * LOW HITPOINT WARNING * * *
Menkaure gestures at you while chanting.
Pain shoots through your body!
You die...

.>...###....
..........# ..#
#..K.....# ..#
#......## ..#
#..[M...###.>#
#..[p.p.##...#
#............#
#...####......#
#..# ##@....#
#..# ###<..#
#.. ##.)# #.
### .


You could see Pikel, 2 slaves and Menkaure.

Vanquished Creatures
  Sigmund (D:2)
  2 slaves (D:4)
  A gnoll (D:1)
  5 adders
  2 oozes (D:3)
  A worm (D:3)
  2 dart slugs
  3 leopard geckos
  9 orcs (D:3)
  11 bats
  3 giant cockroaches
  13 goblins
  4 hobgoblins
  6 jackals (D:3)
  8 kobolds
  3 quokkas
  A ball python (D:3)
  7 frilled lizards
  10 rats
92 creatures vanquished.

Notes
Turn   | Place    | Note
-------+----------+-------------------------------------------
     0 | Abyss:1  | Gargoyl the Centaur Abyssal Knight began the quest for the
                  | Orb.
     0 | Abyss:1  | Reached XP level 1. HP: 19/19 MP: 2/2
    61 | Abyss:1  | Noticed a thrashing horror
    69 | D:1      | Escaped the Abyss
   257 | D:1      | Reached XP level 2. HP: 22/26 MP: 3/3
   267 | D:1      | Reached * piety under Lugonu
   267 | D:1      | Reached skill level 1 in Dodging
   565 | D:1      | Reached XP level 3. HP: 19/31 MP: 4/4
  1547 | D:2      | Noticed Sigmund
  1925 | D:2      | Killed Sigmund
  1925 | D:2      | Reached XP level 4. HP: 27/40 MP: 3/6
  1925 | D:2      | Reached XP level 5. HP: 31/46 MP: 3/7
  2357 | D:3      | Found a shimmering altar of Xom.
  2554 | D:3      | Reached ** piety under Lugonu
  2738 | D:3      | Reached XP level 6. HP: 52/52 MP: 8/8
  3558 | D:4      | Noticed Menkaure
  3561 | D:4      | Noticed a slave
  3562 | D:4      | Noticed a slave
  3564 | D:4      | Noticed Pikel
  3566 | D:4      | Noticed a slave
  3567 | D:4      | Noticed a slave
  3572 | D:4      | Killed a slave
  3574 | D:4      | Killed a slave
  3576 | D:4      | Killed from afar by Menkaure

Skill      XL: |  1  2  3  4  5 |
---------------+----------------+-----
Dodging        | 1 |  1.7
Axes           | 2 3 |  3.2
Armour         | 2 3 |  3.1
Invocations    | 3 |  3.1
Fighting       | |  3.9

Action                   |  1- 3 |  4- 6 || total
-------------------------+-------+-------++-------
Melee: Hand axe          |   115 |   106 ||   221
       Kick              |    14 |    15 ||    29
Invok: Depart the Abyss  |     1 |       ||     1
  Use: Scroll            |     5 |     1 ||     6
       Potion            |       |     2 ||     2
  Eat: Chunk             |     1 |     2 ||     3
       Ration            |       |     1 ||     1
Armor: Leather armour    |    15 |       ||    15
       Plate armour      |   132 |    91 ||   223
Dodge: Dodged            |    40 |    11 ||    51
